 Dungeon Crawl Stone Soup version 0.17-a0-1210-g1e4f09d (webtiles) character file.

1054 Kidiri the Covert (level 8, 0/42 HPs)
             Began as a Spriggan Assassin on June 3, 2015.
             Was an Initiate of Dithmenos.
             Succumbed to poison (a potion of poison)
             ... on level 6 of the Dungeon.
             The game lasted 00:25:16 (6279 turns).

Kidiri the Covert (Spriggan Assassin)               Turns: 6279, Time: 00:25:16

Health: 0/42       AC:  7    Str:  7    XL:     8   Next: 5%
Magic:  11/11      EV: 22    Int: 13    God:    Dithmenos [......]
Gold:   396        SH:  0    Dex: 19    Spells: 1 memorised, 9 levels left

rFire  . . .     SeeInvis +     l - +5 dagger
rCold  . . .     Clarity  .     c - +2 robe
rNeg   . . .     SustAt   .     (shield restricted)
rPois  .         Gourm    .     (helmet restricted)
rElec  .         Spirit   .     d - +2 cloak
rCorr  .         Warding  .     (gloves unavailable)
rMut   .         Stasis   .     (boots unavailable)
MR     +....                    (no amulet)
Stlth  +++++.....               (no ring)
                                (no ring)

@: lethally poisoned (0 -> -10), very quick, somewhat resistant to hostile
enchantments, quite stealthy
A: unfitting armour, see invisible, herbivore 3, speed 3, slow metabolism 2
a: Renounce Religion


You were on level 6 of the Dungeon.
You worshipped Dithmenos.
Dithmenos was noncommittal.
You were full.

You visited 1 branch of the dungeon, and saw 6 of its levels.

You collected 396 gold pieces.

Inventory:

Hand weapons
 a - a +4 dagger
 b - a +2 blowgun
 j - a +1 short sword of draining
 l - a +5 dagger (weapon)
 u - a +1 dagger of protection
Missiles
 e - 19 poisoned needles
Armour
 c - a +2 robe (worn)
 d - a +2 cloak (worn)
Magical devices
 x - a wand of slowing (27)
Scrolls
 m - a scroll of enchant armour
 o - a scroll of teleportation
 t - 2 scrolls of remove curse
 v - 2 scrolls of identify
Potions
 i - a potion of haste
 k - a potion of brilliance
 p - a potion of resistance
 q - 2 potions of cancellation
 s - a potion of agility
Books
 n - a book of the Warp

   Spells                             Type                      Level
   a - Recall                         Summoning/Translocation      3
   b - Gell's Gravitas                Hexes/Translocation          3
   c - Control Teleport               Charms/Translocation         4
   d - Force Lance                    Conjuration/Translocation    4
   e - Phase Shift                    Translocation                5
   f - Warp Weapon                    Charms/Translocation         5
   g - Summon Forest                  Summoning/Translocation      5
 r - a book of Frost

   Spells                             Type                      Level
   a - Freeze                         Ice                          1
   b - Throw Frost                    Conjuration/Ice              2
   c - Ozocubu's Armour               Charms/Ice                   3
   d - Throw Icicle                   Conjuration/Ice              4
   e - Summon Ice Beast               Ice/Summoning                4
   f - Condensation Shield            Ice                          4
Comestibles
 g - 3 bread rations


   Skills:
 * Level 3.6 Fighting
 * Level 4.2 Short Blades
 * Level 4.8 Throwing
 * Level 5.7 Dodging
 * Level 8.0 Stealth
 + Level 1.9 Spellcasting
 + Level 1.1 Ice Magic
 + Level 1.4 Invocations


You had 9 spell levels left.
You knew the following spells:

 Your Spells              Type           Power        Failure   Level  Hunger
a - Freeze                Ice            #...         17%         1    ##.....


Dungeon Overview and Level Annotations

Branches:
Dungeon (6/15)
 Temple: D:4-7

Altars:
Dithmenos
Elyvilon
Fedhas
Kikubaaqudgha
Nemelex Xobeh
Qazlal
Sif Muna
Trog
Vehumet
Zin


Innate Abilities, Weirdness & Mutations

You are tiny and cannot use many weapons and most armour.
You have supernaturally acute eyesight.
You are a herbivore.
You cover ground extremely quickly.
You need consume almost no food.


Message History

Throwing (i - inventory):
y - a tomahawk (quivered)
Press: ? - help, Shift-Dir - straight line, f/p - centaur
Aim: a centaur, wielding a shortbow (heavily wounded, poisoned)
You throw a tomahawk. The tomahawk barely misses the centaur.
The centaur shoots an arrow.
The arrow hits you.
The centaur shoots an arrow.
The arrow hits you!
* * * LOW HITPOINT WARNING * * *
You see here 2 arrows.
The centaur shoots an arrow.
The arrow closely misses you.
You see here an arrow.
You see here 2 arrows.
The centaur shoots an arrow.
The arrow hits you.
* * * LOW HITPOINT WARNING * * *
You see here an arrow.
You see here 2 arrows.
Drink which item? (? for menu, Esc to quit)
It was a potion of poison.
That liquid tasted very nasty...
You are lethally poisoned!
You die...

.................(.......
.................(.((....
............(.....?.(....
.............†..c........
.............†(..........
.................Z..$....
....).<..................
.....).....######.#......
.....)...### #@(#####..
........## #(## #.
##.#####.# ### ### ##


You could see a giant frog zombie.

Vanquished Creatures
  A sky beast (D:5)
  An ogre (D:6)
  An ice beast (D:5)
  A centaur (D:5)
  A gnoll sergeant (D:5)
  A wight (D:6)
  3 crimson imps
  A jelly (D:5)
  Ijyb (D:3)
  2 centaur skeletons
  2 giant frog skeletons (D:4)
  3 hounds
  2 worker ants
  An orc wizard (D:5)
  A hound skeleton (D:5)
  5 adders
  4 gnolls
  An ooze (D:2)
  2 worms
  2 giant geckos
  5 orcs
  A bat skeleton (D:4)
  7 giant cockroaches
  6 hobgoblins
  16 jackals
  12 kobolds
  4 quokkas
  2 ball pythons
  A ball python skeleton (D:5)
  12 bats
  A giant gecko zombie (D:6)
  5 giant newts
  14 goblins
  A quokka skeleton (D:5)
  A quokka zombie (D:5)
  8 rats
132 creatures vanquished.

Vanquished Creatures (others)
  A hobgoblin (D:2)
1 creature vanquished.

Grand Total: 133 creatures vanquished

Notes
Turn   | Place    | Note
--------------------------------------------------------------
     0 | D:1      | Kidiri the Spriggan Assassin began the quest for the Orb.
     0 | D:1      | Reached XP level 1. HP: 10/10 MP: 2/2
   425 | D:1      | Reached skill level 6 in Stealth
   425 | D:1      | Reached XP level 2. HP: 14/14 MP: 3/3
   468 | D:1      | Reached skill level 1 in Short Blades
   763 | D:2      | Found a radiant altar of Vehumet.
   807 | D:2      | Reached XP level 3. HP: 18/18 MP: 4/4
  1061 | D:2      | Found a deep blue altar of Sif Muna.
  1863 | D:3      | Reached XP level 4. HP: 23/23 MP: 5/5
  1932 | D:3      | Found a white marble altar of Elyvilon.
  1932 | D:3      | Found a sparkling altar of Nemelex Xobeh.
  1933 | D:3      | Found a stormy altar of Qazlal.
  1937 | D:3      | Found a blossoming altar of Fedhas.
  1937 | D:3      | Found a glowing silver altar of Zin.
  1962 | D:3      | Found a bloodstained altar of Trog.
  2131 | D:3      | Found an ancient bone altar of Kikubaaqudgha.
  2245 | D:3      | Noticed Ijyb
  2305 | D:3      | Killed Ijyb
  2674 | D:4      | Reached XP level 5. HP: 27/27 MP: 6/6
  3183 | D:4      | Reached skill level 7 in Stealth
  3183 | D:4      | Reached XP level 6. HP: 32/32 MP: 7/7
  3322 | D:4      | Learned a level 1 spell: Freeze
  3675 | D:5      | Entered Level 5 of the Dungeon
  3974 | D:5      | Reached skill level 1 in Spellcasting
  4578 | D:5      | Reached XP level 7. HP: 25/36 MP: 9/9
  4580 | D:5      | Found a shadowy altar of Dithmenos.
  4596 | D:5      | Became a worshipper of Dithmenos the Shadowed
  5242 | D:5      | Reached skill level 1 in Ice Magic
  5525 | D:5      | Reached skill level 5 in Dodging
  5525 | D:5      | Reached skill level 1 in Invocations
  5933 | D:6      | Reached XP level 8. HP: 22/42 MP: 11/11
  6231 | D:6      | Reached skill level 8 in Stealth
  6277 | D:6      | HP: 1/42 [centaur/arrow (5)]
  6279 | D:6      | Succumbed to poison (a potion of poison)

Vault maps used:
D:1:      scummos_arrival_simple_crosswalls
D:2:      fiery_altar_vehumet, lemuel_round_altar, first_bread
D:3:      nicolae_overflow_hidden_temple, grunt_temple_overflow_open,
          kennysheep_flooded_box, uniq_iyjb
D:5:      lemuel_crystal_altar
D:6:      ashenzari_altar_1, kennysheep_mini_moat

Action                   |  1- 3 |  4- 6 |  7- 9 || total
-------------------------+-------+-------+-------++-------
Melee: Dagger            |    81 |   192 |   127 ||   400
       Short sword       |     2 |     2 |    18 ||    22
 Fire: Blowgun           |     2 |       |    21 ||    23
Throw: Tomahawk          |       |       |    14 ||    14
       Throwing net      |       |       |     1 ||     1
  Use: Scroll            |     9 |     8 |       ||    17
       Potion            |       |       |     3 ||     3
 Stab: Sleeping          |    13 |    16 |     3 ||    32
       Distracted        |     1 |       |     2 ||     3
       Held in net/web   |       |       |     1 ||     1
  Eat: Pizza             |       |     1 |       ||     1
       Bread ration      |       |       |     1 ||     1
